Devils vs Wild
Created - 7 février 2015 at 19:10
Goals
|
| Devils |
4 |
1 |
1 |
6 |
| Wild |
1 |
0 |
1 |
2 |
|
Shots
|
| Devils |
23 |
8 |
11 |
42 |
| Wild |
15 |
3 |
16 |
34 |
|
1st period
1. Wild , Chris Drury 19 (Daniel Briere) at 5:39
2. Devils , Guillaume Latendresse 15 (Vincent Lecavalier) at 7:51
3. Devils , Jason Arnott 9 (Greg Stewart, Jay Bouwmeester) at 11:59
4. Devils , Maxim Afinogenov 29 (Guillaume Latendresse, Vincent Lecavalier) at 12:05
5. Devils , Maxim Afinogenov 30 (Stephen Weiss, Zach Parise) at 17:20 (PP)
Penalties :
Zach Parise (NJD) for Holding (Minor) at 2:20, Martin Brodeur (Min) for Slashing (Minor) at 13:40 - Mark Eaton served the penalty, Mike Green (Min) for Holding Stick (Minor) at 17:13, Jay Bouwmeester (NJD) for Hooking (Minor) at 17:37
2nd period
6. Devils , Stephen Weiss 16 (Zach Parise) at 9:46
Penalties :
Shane Hnidy (Min) for Tripping (Minor) at 2:44, Greg Zanon (Min) for Tripping (Minor) at 10:54, Glen Metropolit (Min) for Charging (Double Minor) at 13:56
3rd period
7. Devils , Vincent Lecavalier 36 (Michael Frolik, Ben Lovejoy) at 2:40 (PP)
8. Wild , Fredrik Modin 13 (Shane Hnidy, Glen Metropolit) at 8:09
Penalties :
Mike Green (Min) for Slashing (Minor) at 1:30, Maxim Afinogenov (NJD) for Hooking (Minor) at 11:38
Goalie Stats
Viktor Fasth (NJD), 32 saves from 34 shots - (0,941), W, 26-10-2, 60:00 minutes
Martin Brodeur (Min), 36 saves from 42 shots - (0,857), L, 28-19-1, 60:00 minutes
Players Stats for Devils
Player Name G A P +/- PIM S H SB GA TA FO MP PP MP PK MP
------------------------------------------------------------------------------------
Ben Lovejoy 0 1 1 1 0 1 1 0 0 0 0/0 20:32 6:10 1:08
Brad Ference 0 0 0 0 0 4 2 1 1 1 0/0 18:10 4:24 2:23
Dustin Boyd 0 0 0 -1 0 1 0 0 0 0 4/6 10:13 0:09 0:00
Greg Stewart 0 1 1 0 0 2 0 0 0 0 0/0 8:47 1:14 0:51
Guillaume Latendresse 1 1 2 2 0 4 0 0 0 0 0/0 23:08 5:03 3:20
Jason Arnott 1 0 1 0 0 1 1 0 0 0 3/9 11:22 1:18 3:20
Jay Bouwmeester 0 1 1 1 2 0 3 0 1 0 0/0 26:13 4:52 2:26
Ladislav Nagy 0 0 0 -1 0 4 0 0 0 0 1/2 11:50 0:00 1:37
Matt Smaby 0 0 0 1 0 2 2 0 0 0 0/0 17:38 5:48 0:00
Maxim Afinogenov 2 0 2 2 2 4 0 1 0 0 3/5 19:44 5:07 0:00
Michael Frolik 0 1 1 1 0 3 0 0 0 1 0/0 16:13 5:00 0:00
Mike Komisarek 0 0 0 1 0 2 3 3 0 0 0/0 23:06 0:36 2:23
Mike Lundin 0 0 0 0 0 1 1 1 0 2 0/0 14:23 0:36 3:34
Patrick Eaves 0 0 0 0 0 2 2 0 0 0 0/0 7:43 1:00 0:00
Radim Vrbata 0 0 0 -1 0 0 1 0 1 0 0/1 10:04 0:00 0:00
Stephen Weiss 1 1 2 1 0 2 1 0 0 0 6/14 16:00 4:53 0:00
Vincent Lecavalier 1 2 3 2 0 7 3 0 0 1 14/23 21:45 5:03 1:46
Zach Parise 0 2 2 1 2 2 2 0 0 0 1/1 17:09 4:52 1:00
Players Stats for Wild
Player Name G A P +/- PIM S H SB GA TA FO MP PP MP PK MP
------------------------------------------------------------------------------------
Alexander Perezhogin 0 0 0 -1 0 0 0 0 0 1 0/0 6:45 0:00 0:59
Alexei Kovalev 0 0 0 0 0 1 1 0 0 0 0/2 13:40 2:39 0:05
Anson Carter 0 0 0 1 0 3 1 1 0 0 0/0 8:11 0:00 0:00
Chris Drury 1 0 1 -2 0 8 1 0 0 0 17/35 23:34 3:18 2:50
Cody McLeod 0 0 0 -1 0 0 1 0 0 0 0/0 8:30 0:00 2:39
Daniel Briere 0 1 1 -2 0 2 1 1 0 0 1/1 20:39 3:18 0:00
Fedor Tyutin 0 0 0 -2 0 3 0 0 1 1 0/0 24:42 3:49 3:00
Fredrik Modin 1 0 1 1 0 1 1 0 1 0 0/0 11:53 0:00 3:11
Glen Metropolit 0 1 1 1 4 1 2 0 0 0 3/6 12:06 0:00 3:43
Greg Zanon 0 0 0 0 2 2 0 0 1 0 0/0 19:43 2:08 4:28
Mark Eaton 0 0 0 0 0 2 1 0 0 0 0/0 19:34 2:08 4:41
Matt Moulson 0 0 0 0 0 3 1 0 0 0 0/0 13:22 2:39 0:00
Mike Green 0 0 0 -2 4 2 2 0 0 0 0/0 22:26 3:49 0:11
R.J. Umberger 0 0 0 -2 0 3 1 2 1 0 0/0 20:39 3:18 0:00
Rich Peverley 0 0 0 -1 0 1 3 0 0 0 1/4 9:53 0:00 3:36
Shane Hnidy 0 1 1 0 2 1 0 0 0 0 0/0 16:20 0:00 4:22
Toni Lydman 0 0 0 0 0 1 1 0 0 1 0/0 17:47 0:00 5:44
Vaclav Prospal 0 0 0 0 0 0 1 0 1 0 7/13 18:58 2:39 5:23
3 Stars
1 - Vincent Lecavalier (NJD)
2 - Maxim Afinogenov (NJD)
3 - Guillaume Latendresse (NJD)
Power Play
Devils - 2 on 7 Attempt(s) - 28,57%
Wild - 0 on 3 Attempt(s) - 0,00%
Penalty Kill
Devils - 3 on 3 Attempt(s) - 100,00%
- Score 0 goal in Penalty Kill
Wild - 5 on 7 Attempt(s) - 71,43%
- Score 0 goal in Penalty Kill
Team Stat
Devils - Hits : 22 - Faceoff Wins : 32 - Blocked Shots : 6 - Penalty Minutes : 6
Wild - Hits : 18 - Faceoff Wins : 29 - Blocked Shots : 4 - Penalty Minutes : 12
Official
Referees : L'Ecuyer Frederick and Peel Tim
Linesman : David Brisebois and Michel Cormier
Game Notes
No Game Note
Finance
Level 1 -- Attendance: 3752 (62,53%) -- Ticket Income 469 000 $
Level 2 -- Attendance: 3088 (61,76%) -- Ticket Income 231 600 $
Level 3 -- Attendance: 1178 (58,90%) -- Ticket Income 58 900 $
Level 4 -- Attendance: 1981 (49,53%) -- Ticket Income 79 240 $
Luxury Box -- Attendance: 742 (74,20%) -- Ticket Income 148 400 $
Game was played at the Forest Center'
Total Attendance: 10741 (59,67%)
Total Ticket Income: 987 140 $
Other Income: 148 071 $
Total Income: 1 135 211 $
Devils
5 vs 5 Forward
Center Left Wing Right Wing Time % Phy DF OF
1 Vincent Lecavalier Guillaume Latendresse Maxim Afinogenov 40 1 2 2
2 Stephen Weiss Zach Parise Michael Frolik 30 1 2 2
3 Dustin Boyd Ladislav Nagy Radim Vrbata 20 1 2 2
4 Jason Arnott Greg Stewart Patrick Eaves 10 1 2 2
5 vs 5 Defense
Defense Defense Time % Phy DF OF
1 Jay Bouwmeester Mike Komisarek 40 1 2 2
2 Ben Lovejoy Matt Smaby 30 1 2 2
3 Brad Ference Mike Lundin 20 1 2 2
4 Ben Lovejoy Brad Ference 10 1 2 2
PowerPlay Forward
Center Left Wing Right Wing Time % Phy DF OF
1 Stephen Weiss Zach Parise Maxim Afinogenov 60 0 2 3
2 Vincent Lecavalier Guillaume Latendresse Michael Frolik 40 0 2 3
PowerPlay Defense
Defense Defense Time % Phy DF OF
1 Ben Lovejoy Matt Smaby 60 1 2 2
2 Ben Lovejoy Jay Bouwmeester 40 1 2 2
Penalty Kill 4 Players Forward
Center Wing Time % Phy DF OF
1 Jason Arnott Guillaume Latendresse 60 1 2 2
2 Vincent Lecavalier Zach Parise 40 1 2 2
Penalty Kill 4 Players Defense
Defense Defense Time % Phy DF OF
1 Jay Bouwmeester Mike Lundin 60 1 2 2
2 Brad Ference Mike Komisarek 40 1 2 2
Penalty Kill - 3 Players Forward
Forward Time % Phy DF OF
1 Jason Arnott 60 1 2 2
2 Vincent Lecavalier 40 1 2 2
Penalty Kill - 3 Players Defense
Defense Defense Time % Phy DF OF
1 Jay Bouwmeester Mike Komisarek 60 1 2 2
2 Brad Ference Ben Lovejoy 40 1 2 2
4 vs 4 Forward
Center Wing Time % Phy DF OF
1 Vincent Lecavalier Michael Frolik 60 1 2 2
2 Stephen Weiss Guillaume Latendresse 40 1 2 2
4 vs 4 Defense
Defense Defense Time % Phy DF OF
1 Mike Komisarek Jay Bouwmeester 60 1 2 2
2 Ben Lovejoy Matt Smaby 40 1 2 2
Last Minutes Offensive
Center Left Wing Right Wing Defense Defense
Vincent Lecavalier Guillaume Latendresse Maxim Afinogenov Ben Lovejoy Jay Bouwmeester
Last Minutes Defensive
Center Left Wing Right Wing Defense Defense
Jason Arnott Guillaume Latendresse Maxim Afinogenov Mike Komisarek Jay Bouwmeester
Goaltenders
Starting : Viktor Fasth
Backup : Dan Ellis
Extra Forwards
Normal : Jason Arnott, Greg Stewart, Ladislav Nagy - PP : Jason Arnott, Greg Stewart - PK : Ladislav Nagy
Extra Defensemen
Normal : Ben Lovejoy, Mike Komisarek, Mike Lundin - PP : Ben Lovejoy - PK : Ben Lovejoy, Mike Lundin
Penalty Shots
Vincent Lecavalier, Maxim Afinogenov, Guillaume Latendresse, Michael Frolik, Zach Parise
Wild
5 vs 5 Forward
Center Left Wing Right Wing Time % Phy DF OF
1 Chris Drury R.J. Umberger Daniel Briere 40 0 1 4
2 Vaclav Prospal Matt Moulson Alexei Kovalev 30 1 1 3
3 Glen Metropolit Fredrik Modin Anson Carter 20 1 1 3
4 Rich Peverley Cody McLeod Alexander Perezhogin 10 2 1 2
5 vs 5 Defense
Defense Defense Time % Phy DF OF
1 Mike Green Fedor Tyutin 40 1 1 3
2 Mark Eaton Greg Zanon 30 2 2 1
3 Toni Lydman Shane Hnidy 20 1 3 1
4 Fedor Tyutin Mike Green 10 1 3 1
PowerPlay Forward
Center Left Wing Right Wing Time % Phy DF OF
1 Chris Drury R.J. Umberger Daniel Briere 60 0 0 5
2 Vaclav Prospal Matt Moulson Alexei Kovalev 40 0 0 5
PowerPlay Defense
Defense Defense Time % Phy DF OF
1 Mike Green Fedor Tyutin 60 0 2 3
2 Mark Eaton Greg Zanon 40 0 2 3
Penalty Kill 4 Players Forward
Center Wing Time % Phy DF OF
1 Glen Metropolit Vaclav Prospal 60 1 3 1
2 Fredrik Modin Rich Peverley 40 1 3 1
Penalty Kill 4 Players Defense
Defense Defense Time % Phy DF OF
1 Mark Eaton Toni Lydman 60 2 3 0
2 Greg Zanon Shane Hnidy 40 2 3 0
Penalty Kill - 3 Players Forward
Forward Time % Phy DF OF
1 Glen Metropolit 60 1 4 0
2 Fredrik Modin 40 1 4 0
Penalty Kill - 3 Players Defense
Defense Defense Time % Phy DF OF
1 Mark Eaton Toni Lydman 60 2 3 0
2 Shane Hnidy Greg Zanon 40 2 3 0
4 vs 4 Forward
Center Wing Time % Phy DF OF
1 Daniel Briere Chris Drury 60 1 1 3
2 Vaclav Prospal R.J. Umberger 40 1 1 3
4 vs 4 Defense
Defense Defense Time % Phy DF OF
1 Mike Green Fedor Tyutin 60 1 3 1
2 Mark Eaton Greg Zanon 40 1 3 1
Last Minutes Offensive
Center Left Wing Right Wing Defense Defense
Chris Drury R.J. Umberger Daniel Briere Mike Green Fedor Tyutin
Last Minutes Defensive
Center Left Wing Right Wing Defense Defense
Glen Metropolit Fredrik Modin Rich Peverley Shane Hnidy Mark Eaton
Goaltenders
Starting : Martin Brodeur
Backup : Julien Ellis
Extra Forwards
Normal : Chris Drury, Daniel Briere, Alexei Kovalev - PP : Chris Drury, Daniel Briere - PK : Glen Metropolit
Extra Defensemen
Normal : Mike Green, Fedor Tyutin, Shane Hnidy - PP : Mike Green - PK : Fedor Tyutin, Mark Eaton
Penalty Shots
Daniel Briere, Chris Drury, Vaclav Prospal, R.J. Umberger, Alexei Kovalev
% Time on Ice - Devils
Lines # - Real PCT - Wanted PCT - Time Play
Normal Forward
1 - 34% - 40% - 14:39
2 - 27% - 30% - 11:25
3 - 24% - 20% - 10:04
4 - 16% - 10% - 6:42
Normal Defense
1 - 46% - 40% - 19:42
2 - 31% - 30% - 13:21
3 - 19% - 20% - 8:20
4 - 3% - 10% - 1:27
PP Forward
1 - 55% - 60% - 6:10
2 - 45% - 40% - 5:03
PP Defense
1 - 64% - 60% - 7:12
2 - 36% - 40% - 4:01
PK Forward
1 - 70% - 60% - 4:11
2 - 30% - 40% - 1:46
PK Defense
1 - 60% - 60% - 3:34
2 - 40% - 40% - 2:23
PK3 Forward
1 - 0% - 60%
2 - 0% - 40%
PK3 Defense
1 - 0% - 60%
2 - 0% - 40%
44 Forward
1 - 0% - 60%
2 - 0% - 40%
44 Defense
1 - 0% - 60%
2 - 0% - 40%
Last Minute Offensive - 0:00
Last Minute Defensive - 0:00
Total
Forward - 60:00
Defense - 60:00
|
% Time on Ice - Wild
Lines # - Real PCT - Wanted PCT - Time Play
Normal Forward
1 - 41% - 40% - 17:39
2 - 26% - 30% - 11:14
3 - 19% - 20% - 8:11
4 - 13% - 10% - 5:46
Normal Defense
1 - 43% - 40% - 18:18
2 - 29% - 30% - 12:19
3 - 27% - 20% - 11:37
4 - 1% - 10% - 0:36
PP Forward
1 - 55% - 60% - 3:18
2 - 45% - 40% - 2:39
PP Defense
1 - 64% - 60% - 3:49
2 - 36% - 40% - 2:08
PK Forward
1 - 80% - 60% - 9:00
2 - 20% - 40% - 2:13
PK Defense
1 - 51% - 60% - 5:44
2 - 49% - 40% - 5:29
PK3 Forward
1 - 0% - 60%
2 - 0% - 40%
PK3 Defense
1 - 0% - 60%
2 - 0% - 40%
44 Forward
1 - 0% - 60%
2 - 0% - 40%
44 Defense
1 - 0% - 60%
2 - 0% - 40%
Last Minute Offensive - 0:00
Last Minute Defensive - 0:00
Total
Forward - 60:00
Defense - 60:00
|
Play by Play
1st period
0:01 of 1st period - Maxim Afinogenov wins face-off versus Chris Drury in neutral zone.
0:14 of 1st period - Snap shot by Vincent Lecavalier.
0:14 of 1st period - Stopped by Martin Brodeur without a rebound.
0:15 of 1st period - Stephen Weiss wins face-off versus Alexei Kovalev in Wild zone.
0:48 of 1st period - Snap shot by Anson Carter.
0:48 of 1st period - Stopped by Viktor Fasth with a rebound.
0:50 of 1st period - Snap shot by Glen Metropolit.
0:50 of 1st period - Shot Misses the Net.
0:59 of 1st period - Off-side.
1:00 of 1st period - Chris Drury wins face-off versus Vincent Lecavalier in neutral zone.
1:07 of 1st period - Wrist shot by Maxim Afinogenov.
1:07 of 1st period - Stopped by Martin Brodeur with a rebound.
1:13 of 1st period - Wrist shot by R.J. Umberger.
1:13 of 1st period - Shot Blocked by Mike Lundin.
1:15 of 1st period - Backhand shot by R.J. Umberger.
1:15 of 1st period - Stopped by Viktor Fasth without a rebound.
1:16 of 1st period - Jason Arnott wins face-off versus Rich Peverley in Devils zone.
1:16 of 1st period - Jason Arnott is hit by Rich Peverley.
2:02 of 1st period - Wrist shot by Anson Carter.
2:02 of 1st period - Shot Misses the Net.
2:20 of 1st period - Minor Penalty to Zach Parise for Holding.
2:21 of 1st period - Chris Drury wins face-off versus Jason Arnott in Devils zone.
2:56 of 1st period - Snap shot by Fedor Tyutin.
2:56 of 1st period - Stopped by Viktor Fasth without a rebound.
2:57 of 1st period - Chris Drury wins face-off versus Vincent Lecavalier in Devils zone.
3:00 of 1st period - Snap shot by Chris Drury.
3:00 of 1st period - Shot Misses the Net.
3:02 of 1st period - Wrist shot by Greg Zanon.
3:02 of 1st period - Shot Blocked by Mike Komisarek.
3:12 of 1st period - Wrist shot by Chris Drury.
3:12 of 1st period - Shot Misses the Net.
3:32 of 1st period - Wrist shot by Matt Moulson.
3:32 of 1st period - Deflect By Vaclav Prospal.
3:32 of 1st period - Shot Misses the Net.
3:32 of 1st period - Puck is out of play.
3:33 of 1st period - Chris Drury wins face-off versus Jason Arnott in Devils zone.
4:20 of 1st period - Penalty to Zach Parise is over, Zach Parise is back on ice.
5:10 of 1st period - Slapshot by Toni Lydman.
5:10 of 1st period - Deflect By Guillaume Latendresse.
5:10 of 1st period - Stopped by Viktor Fasth without a rebound.
5:11 of 1st period - Jason Arnott wins face-off versus Rich Peverley in Devils zone.
5:21 of 1st period - Icing by Matt Smaby.
5:22 of 1st period - Chris Drury wins face-off versus Jason Arnott in Devils zone.
5:29 of 1st period - Wrist shot by Daniel Briere.
5:29 of 1st period - Shot Misses the Net.
5:39 of 1st period - Snap shot by Chris Drury.
5:39 of 1st period - Goal by Chris Drury - Devils : 0 - Wild : 1.
5:40 of 1st period - Vincent Lecavalier wins face-off versus Chris Drury in neutral zone.
6:17 of 1st period - Snap shot by Ladislav Nagy.
6:17 of 1st period - Stopped by Martin Brodeur without a rebound.
6:18 of 1st period - Vaclav Prospal wins face-off versus Stephen Weiss in Wild zone.
6:25 of 1st period - Wrist shot by Zach Parise.
6:25 of 1st period - Shot Misses the Net.
6:44 of 1st period - Chris Drury is hit by Vincent Lecavalier and loses puck.
7:25 of 1st period - Jason Arnott is hit by Mark Eaton and loses puck.
7:47 of 1st period - Slapshot by Vincent Lecavalier.
7:47 of 1st period - Stopped by Martin Brodeur with a rebound.
7:49 of 1st period - Slapshot by Matt Smaby.
7:49 of 1st period - Stopped by Martin Brodeur without a rebound.
7:50 of 1st period - Vincent Lecavalier wins face-off versus Chris Drury in Wild zone.
7:51 of 1st period - Snap shot by Guillaume Latendresse.
7:51 of 1st period - Goal by Guillaume Latendresse - Devils : 1 - Wild : 1.
7:52 of 1st period - Daniel Briere wins face-off versus Vincent Lecavalier in neutral zone.
8:22 of 1st period - Slapshot by Mike Green.
8:22 of 1st period - Deflect By Alexei Kovalev.
8:22 of 1st period - Stopped by Viktor Fasth with a rebound.
8:24 of 1st period - Snap shot by Fedor Tyutin.
8:24 of 1st period - Stopped by Viktor Fasth without a rebound.
8:25 of 1st period - Vincent Lecavalier wins face-off versus Vaclav Prospal in Devils zone.
8:37 of 1st period - Slapshot by Alexei Kovalev.
8:37 of 1st period - Shot Misses the Net.
8:39 of 1st period - Snap shot by Alexei Kovalev.
8:39 of 1st period - Deflect By Matt Moulson.
8:39 of 1st period - Shot Blocked by Mike Komisarek.
8:39 of 1st period - Puck is out of play.
8:40 of 1st period - Chris Drury wins face-off versus Radim Vrbata in Devils zone.
8:57 of 1st period - Slapshot by Chris Drury.
8:57 of 1st period - Stopped by Viktor Fasth with a rebound.
9:09 of 1st period - Wrist shot by Anson Carter.
9:09 of 1st period - Shot Misses the Net.
9:11 of 1st period - Backhand shot by Greg Zanon.
9:11 of 1st period - Stopped by Viktor Fasth with a rebound.
9:13 of 1st period - Wrist shot by Anson Carter.
9:13 of 1st period - Shot Misses the Net.
9:15 of 1st period - Snap shot by Greg Zanon.
9:15 of 1st period - Shot Misses the Net.
9:17 of 1st period - Wrist shot by Anson Carter.
9:17 of 1st period - Stopped by Viktor Fasth with a rebound.
9:19 of 1st period - Wrist shot by Mark Eaton.
9:19 of 1st period - Stopped by Viktor Fasth with a rebound.
9:29 of 1st period - Guillaume Latendresse is hit by Matt Moulson and loses puck.
9:58 of 1st period - Snap shot by Zach Parise.
9:58 of 1st period - Stopped by Martin Brodeur without a rebound.
9:59 of 1st period - Stephen Weiss wins face-off versus Chris Drury in Wild zone.
10:34 of 1st period - Slapshot by Maxim Afinogenov.
10:34 of 1st period - Stopped by Martin Brodeur without a rebound.
10:35 of 1st period - Maxim Afinogenov wins face-off versus Vaclav Prospal in Wild zone.
10:36 of 1st period - Slapshot by Vincent Lecavalier.
10:36 of 1st period - Shot Misses the Net.
10:38 of 1st period - Slapshot by Brad Ference.
10:38 of 1st period - Shot Misses the Net.
10:48 of 1st period - Wrist shot by Guillaume Latendresse.
10:48 of 1st period - Stopped by Martin Brodeur without a rebound.
10:49 of 1st period - Vincent Lecavalier wins face-off versus Chris Drury in Wild zone.
11:16 of 1st period - Mike Green is hit by Ben Lovejoy and loses puck.
11:59 of 1st period - Snap shot by Jason Arnott.
11:59 of 1st period - Goal by Jason Arnott - Devils : 2 - Wild : 1.
12:00 of 1st period - Vincent Lecavalier wins face-off versus Chris Drury in neutral zone.
12:03 of 1st period - Snap shot by Guillaume Latendresse.
12:03 of 1st period - Shot Misses the Net.
12:05 of 1st period - Wrist shot by Maxim Afinogenov.
12:05 of 1st period - Goal by Maxim Afinogenov - Devils : 3 - Wild : 1.
12:06 of 1st period - Chris Drury wins face-off versus Maxim Afinogenov in neutral zone.
12:45 of 1st period - Snap shot by Matt Moulson.
12:45 of 1st period - Stopped by Viktor Fasth with a rebound.
13:07 of 1st period - Wrist shot by Fedor Tyutin.
13:07 of 1st period - Stopped by Viktor Fasth without a rebound.
13:08 of 1st period - Vincent Lecavalier wins face-off versus Chris Drury in Devils zone.
13:18 of 1st period - Slapshot by Maxim Afinogenov.
13:18 of 1st period - Deflect By Guillaume Latendresse.
13:18 of 1st period - Stopped by Martin Brodeur with a rebound.
13:20 of 1st period - Slapshot by Mike Komisarek.
13:20 of 1st period - Shot Misses the Net.
13:22 of 1st period - Snap shot by Vincent Lecavalier.
13:22 of 1st period - Stopped by Martin Brodeur with a rebound.
13:24 of 1st period - Slapshot by Jay Bouwmeester.
13:24 of 1st period - Shot Blocked by Daniel Briere.
13:40 of 1st period - Slapshot by Ladislav Nagy.
13:40 of 1st period - Stopped by Martin Brodeur without a rebound.
13:40 of 1st period - Minor Penalty to Martin Brodeur for Slashing.
13:41 of 1st period - Glen Metropolit wins face-off versus Stephen Weiss in Wild zone.
15:07 of 1st period - Shane Hnidy is hit by Matt Smaby and loses puck.
15:40 of 1st period - Penalty to Mark Eaton is over, Mark Eaton is back on ice.
15:50 of 1st period - Brad Ference is hit by Chris Drury and loses puck.
16:07 of 1st period - Slapshot by Jay Bouwmeester.
16:07 of 1st period - Deflect By Patrick Eaves.
16:07 of 1st period - Stopped by Martin Brodeur without a rebound.
16:08 of 1st period - Rich Peverley wins face-off versus Jason Arnott in Wild zone.
16:34 of 1st period - Icing by Dustin Boyd.
16:35 of 1st period - Dustin Boyd wins face-off versus Vaclav Prospal in Devils zone.
16:42 of 1st period - Slapshot by Radim Vrbata.
16:42 of 1st period - Shot Misses the Net.
16:46 of 1st period - Wrist shot by Dustin Boyd.
16:46 of 1st period - Shot Misses the Net.
16:48 of 1st period - Snap shot by Ladislav Nagy.
16:48 of 1st period - Stopped by Martin Brodeur without a rebound.
16:49 of 1st period - Vincent Lecavalier wins face-off versus Chris Drury in Wild zone.
16:58 of 1st period - Snap shot by Chris Drury.
16:58 of 1st period - Deflect By Daniel Briere.
16:58 of 1st period - Stopped by Viktor Fasth without a rebound.
16:59 of 1st period - Vincent Lecavalier wins face-off versus Chris Drury in Devils zone.
17:13 of 1st period - Minor Penalty to Mike Green for Holding Stick.
17:14 of 1st period - Maxim Afinogenov wins face-off versus Glen Metropolit in Wild zone.
17:20 of 1st period - Wrist shot by Maxim Afinogenov.
17:20 of 1st period - Goal by Maxim Afinogenov - Devils : 4 - Wild : 1.
17:21 of 1st period - Chris Drury wins face-off versus Vincent Lecavalier in neutral zone.
17:37 of 1st period - Minor Penalty to Jay Bouwmeester for Hooking.
17:38 of 1st period - Jason Arnott wins face-off versus Chris Drury in Devils zone.
18:37 of 1st period - Icing by Alexei Kovalev.
18:38 of 1st period - Vaclav Prospal wins face-off versus Ladislav Nagy in Wild zone.
18:51 of 1st period - Snap shot by Chris Drury.
18:51 of 1st period - Stopped by Viktor Fasth with a rebound.
19:31 of 1st period - Slapshot by Brad Ference.
19:31 of 1st period - Deflect By Chris Drury.
19:31 of 1st period - Stopped by Martin Brodeur with a rebound.
19:37 of 1st period - Penalty to Jay Bouwmeester is over, Jay Bouwmeester is back on ice.
19:43 of 1st period - Slapshot by Mike Komisarek.
19:43 of 1st period - Stopped by Martin Brodeur with a rebound.
19:45 of 1st period - Wrist shot by Mike Komisarek.
19:45 of 1st period - Shot Blocked by Anson Carter.
19:47 of 1st period - Backhand shot by Brad Ference.
19:47 of 1st period - Stopped by Martin Brodeur with a rebound.
19:49 of 1st period - Backhand shot by Mike Komisarek.
19:49 of 1st period - Shot Misses the Net.
19:51 of 1st period - Wrist shot by Brad Ference.
19:51 of 1st period - Stopped by Martin Brodeur with a rebound.
19:53 of 1st period - Slapshot by Mike Komisarek.
19:53 of 1st period - Stopped by Martin Brodeur with a rebound.
19:55 of 1st period - Wrist shot by Brad Ference.
19:55 of 1st period - Stopped by Martin Brodeur without a rebound.
19:56 of 1st period - Stephen Weiss wins face-off versus Rich Peverley in Wild zone.
Goals for this period are 4 for Devils vs 1 for Wild.
Shots for this period are 23 for Devils vs 15 for Wild.
2nd period
0:01 of 2nd period - Chris Drury wins face-off versus Vincent Lecavalier in neutral zone.
0:38 of 2nd period - Wrist shot by Stephen Weiss.
0:38 of 2nd period - Shot Misses the Net.
0:48 of 2nd period - Slapshot by Anson Carter.
0:48 of 2nd period - Stopped by Viktor Fasth with a rebound.
2:18 of 2nd period - Fredrik Modin is hit by Radim Vrbata and loses puck.
2:44 of 2nd period - Minor Penalty to Shane Hnidy for Tripping.
2:45 of 2nd period - Glen Metropolit wins face-off versus Stephen Weiss in Wild zone.
3:34 of 2nd period - Glen Metropolit is hit by Stephen Weiss and loses puck.
3:55 of 2nd period - Wrist shot by Rich Peverley.
3:55 of 2nd period - Stopped by Viktor Fasth with a rebound.
3:57 of 2nd period - Slapshot by Greg Zanon.
3:57 of 2nd period - Shot Blocked by Brad Ference.
4:44 of 2nd period - Penalty to Shane Hnidy is over, Shane Hnidy is back on ice.
4:54 of 2nd period - Ben Lovejoy is hit by Rich Peverley and loses puck.
5:49 of 2nd period - Michael Frolik is hit by Anson Carter and loses puck.
6:25 of 2nd period - Jay Bouwmeester is hit by Mike Green.
6:29 of 2nd period - Vaclav Prospal is hit by Mike Komisarek and loses puck.
6:47 of 2nd period - Greg Zanon is hit by Brad Ference and loses puck.
7:02 of 2nd period - Chris Drury is hit by Jay Bouwmeester.
7:06 of 2nd period - Toni Lydman is hit by Mike Komisarek and loses puck.
7:25 of 2nd period - Vincent Lecavalier is hit by Cody McLeod.
7:59 of 2nd period - Wrist shot by Greg Stewart.
7:59 of 2nd period - Stopped by Martin Brodeur without a rebound.
8:00 of 2nd period - Stephen Weiss wins face-off versus Chris Drury in Wild zone.
8:07 of 2nd period - Snap shot by Michael Frolik.
8:07 of 2nd period - Stopped by Martin Brodeur with a rebound.
8:09 of 2nd period - Slapshot by Michael Frolik.
8:09 of 2nd period - Stopped by Martin Brodeur without a rebound.
8:10 of 2nd period - Stephen Weiss wins face-off versus Chris Drury in Wild zone.
8:23 of 2nd period - Snap shot by R.J. Umberger.
8:23 of 2nd period - Shot Misses the Net.
9:18 of 2nd period - Wrist shot by Zach Parise.
9:18 of 2nd period - Shot Blocked by R.J. Umberger.
9:20 of 2nd period - Slapshot by Ben Lovejoy.
9:20 of 2nd period - Deflect By R.J. Umberger.
9:20 of 2nd period - Stopped by Martin Brodeur with a rebound.
9:22 of 2nd period - Slapshot by Matt Smaby.
9:22 of 2nd period - Stopped by Martin Brodeur with a rebound.
9:26 of 2nd period - Snap shot by Stephen Weiss.
9:26 of 2nd period - Shot Misses the Net.
9:28 of 2nd period - Snap shot by Matt Smaby.
9:28 of 2nd period - Deflect By Michael Frolik.
9:28 of 2nd period - Stopped by Martin Brodeur with a rebound.
9:46 of 2nd period - Snap shot by Stephen Weiss.
9:46 of 2nd period - Goal by Stephen Weiss - Devils : 5 - Wild : 1.
9:47 of 2nd period - Vaclav Prospal wins face-off versus Maxim Afinogenov in neutral zone.
10:12 of 2nd period - Fredrik Modin is hit by Jay Bouwmeester and loses puck.
10:54 of 2nd period - Minor Penalty to Greg Zanon for Tripping.
10:55 of 2nd period - Glen Metropolit wins face-off versus Vincent Lecavalier in Wild zone.
11:06 of 2nd period - Mark Eaton is hit by Vincent Lecavalier.
11:10 of 2nd period - Michael Frolik is hit by Glen Metropolit and loses puck.
12:19 of 2nd period - Guillaume Latendresse is hit by Toni Lydman and loses puck.
12:54 of 2nd period - Penalty to Greg Zanon is over, Greg Zanon is back on ice.
12:55 of 2nd period - Guillaume Latendresse is hit by Fredrik Modin and loses puck.
13:00 of 2nd period - Snap shot by Fredrik Modin.
13:00 of 2nd period - Shot Misses the Net.
13:02 of 2nd period - Slapshot by Mike Green.
13:02 of 2nd period - Stopped by Viktor Fasth without a rebound.
13:03 of 2nd period - Dustin Boyd wins face-off versus Chris Drury in Devils zone.
13:56 of 2nd period - Double Minor Penalty to Glen Metropolit for Charging.
13:57 of 2nd period - Chris Drury wins face-off versus Stephen Weiss in Wild zone.
13:57 of 2nd period - Chris Drury is hit by Zach Parise.
14:02 of 2nd period - Snap shot by Stephen Weiss.
14:02 of 2nd period - Shot Hit the Post.
15:50 of 2nd period - Toni Lydman is hit by Jason Arnott and loses puck.
17:04 of 2nd period - Shane Hnidy is hit by Brad Ference and loses puck.
17:56 of 2nd period - Penalty to Glen Metropolit is over, Glen Metropolit is back on ice.
18:00 of 2nd period - Icing by Glen Metropolit.
18:01 of 2nd period - Dustin Boyd wins face-off versus Alexei Kovalev in Wild zone.
18:06 of 2nd period - Snap shot by Ladislav Nagy.
18:06 of 2nd period - Shot Misses the Net.
18:08 of 2nd period - Slapshot by Mike Lundin.
18:08 of 2nd period - Stopped by Martin Brodeur without a rebound.
18:09 of 2nd period - Dustin Boyd wins face-off versus Chris Drury in Wild zone.
18:36 of 2nd period - Ladislav Nagy is hit by Mike Green and loses puck.
19:42 of 2nd period - Mark Eaton is hit by Patrick Eaves and loses puck.
Goals for this period are 1 for Devils vs 0 for Wild.
Shots for this period are 8 for Devils vs 3 for Wild.
3rd period
0:01 of 3rd period - Chris Drury wins face-off versus Vincent Lecavalier in neutral zone.
0:04 of 3rd period - Vincent Lecavalier is hit by R.J. Umberger and loses puck.
0:09 of 3rd period - Wrist shot by Chris Drury.
0:09 of 3rd period - Stopped by Viktor Fasth with a rebound.
0:11 of 3rd period - Snap shot by Daniel Briere.
0:11 of 3rd period - Shot Misses the Net.
0:13 of 3rd period - Slapshot by Greg Zanon.
0:13 of 3rd period - Stopped by Viktor Fasth with a rebound.
0:15 of 3rd period - Wrist shot by R.J. Umberger.
0:15 of 3rd period - Shot Blocked by Maxim Afinogenov.
0:17 of 3rd period - Slapshot by Mark Eaton.
0:17 of 3rd period - Stopped by Viktor Fasth without a rebound.
0:18 of 3rd period - Vaclav Prospal wins face-off versus Stephen Weiss in Devils zone.
0:32 of 3rd period - Off-side.
0:33 of 3rd period - Chris Drury wins face-off versus Vincent Lecavalier in neutral zone.
1:30 of 3rd period - Minor Penalty to Mike Green for Slashing.
1:31 of 3rd period - Stephen Weiss wins face-off versus Glen Metropolit in Wild zone.
1:57 of 3rd period - Matt Smaby is hit by Rich Peverley.
2:20 of 3rd period - Shane Hnidy is hit by Jay Bouwmeester and loses puck.
2:40 of 3rd period - Snap shot by Vincent Lecavalier.
2:40 of 3rd period - Goal by Vincent Lecavalier - Devils : 6 - Wild : 1.
2:41 of 3rd period - Chris Drury wins face-off versus Dustin Boyd in neutral zone.
2:46 of 3rd period - Slapshot by Daniel Briere.
2:46 of 3rd period - Shot Blocked by Mike Komisarek.
3:28 of 3rd period - Wrist shot by Stephen Weiss.
3:28 of 3rd period - Shot Misses the Net.
3:30 of 3rd period - Wrist shot by Zach Parise.
3:30 of 3rd period - Stopped by Martin Brodeur with a rebound.
4:13 of 3rd period - Fedor Tyutin is hit by Mike Komisarek and loses puck.
4:41 of 3rd period - Slapshot by Patrick Eaves.
4:41 of 3rd period - Stopped by Martin Brodeur without a rebound.
4:42 of 3rd period - Vincent Lecavalier wins face-off versus Glen Metropolit in Wild zone.
5:09 of 3rd period - Brad Ference is hit by Daniel Briere and loses puck.
5:36 of 3rd period - Wrist shot by Ladislav Nagy.
5:36 of 3rd period - Stopped by Martin Brodeur without a rebound.
5:37 of 3rd period - Vincent Lecavalier wins face-off versus Chris Drury in Wild zone.
5:38 of 3rd period - Snap shot by Maxim Afinogenov.
5:38 of 3rd period - Shot Misses the Net.
5:40 of 3rd period - Slapshot by Vincent Lecavalier.
5:40 of 3rd period - Shot Misses the Net.
6:50 of 3rd period - Wrist shot by Greg Stewart.
6:50 of 3rd period - Deflect By Jason Arnott.
6:50 of 3rd period - Shot Misses the Net.
6:50 of 3rd period - Puck is out of play.
6:51 of 3rd period - Chris Drury wins face-off versus Jason Arnott in Wild zone.
7:07 of 3rd period - Slapshot by Chris Drury.
7:07 of 3rd period - Stopped by Viktor Fasth with a rebound.
7:17 of 3rd period - Vaclav Prospal is hit by Mike Lundin and loses puck.
8:07 of 3rd period - Backhand shot by Shane Hnidy.
8:07 of 3rd period - Stopped by Viktor Fasth with a rebound.
8:09 of 3rd period - Snap shot by Fredrik Modin.
8:09 of 3rd period - Goal by Fredrik Modin - Devils : 6 - Wild : 2.
8:10 of 3rd period - Vincent Lecavalier wins face-off versus Chris Drury in neutral zone.
8:34 of 3rd period - Icing by Maxim Afinogenov.
8:35 of 3rd period - Vincent Lecavalier wins face-off versus Vaclav Prospal in Devils zone.
8:35 of 3rd period - Vincent Lecavalier is hit by Vaclav Prospal.
8:48 of 3rd period - Icing by Vaclav Prospal.
8:49 of 3rd period - Vincent Lecavalier wins face-off versus Vaclav Prospal in Wild zone.
8:52 of 3rd period - Snap shot by Vincent Lecavalier.
8:52 of 3rd period - Stopped by Martin Brodeur with a rebound.
8:56 of 3rd period - Snap shot by Vincent Lecavalier.
8:56 of 3rd period - Stopped by Martin Brodeur without a rebound.
8:57 of 3rd period - Vincent Lecavalier wins face-off versus Chris Drury in Wild zone.
9:00 of 3rd period - Snap shot by Vincent Lecavalier.
9:00 of 3rd period - Stopped by Martin Brodeur with a rebound.
9:10 of 3rd period - Snap shot by Vincent Lecavalier.
9:10 of 3rd period - Shot Blocked by R.J. Umberger.
9:22 of 3rd period - Zach Parise is hit by Alexei Kovalev and loses puck.
10:14 of 3rd period - Snap shot by Cody McLeod.
10:14 of 3rd period - Shot Misses the Net.
10:25 of 3rd period - Icing by Vincent Lecavalier.
10:26 of 3rd period - Chris Drury wins face-off versus Stephen Weiss in Devils zone.
10:59 of 3rd period - Slapshot by Guillaume Latendresse.
10:59 of 3rd period - Stopped by Martin Brodeur without a rebound.
11:00 of 3rd period - Zach Parise wins face-off versus Vaclav Prospal in Wild zone.
11:01 of 3rd period - Snap shot by Stephen Weiss.
11:01 of 3rd period - Stopped by Martin Brodeur without a rebound.
11:02 of 3rd period - Vaclav Prospal wins face-off versus Stephen Weiss in Wild zone.
11:09 of 3rd period - Wrist shot by Alexei Kovalev.
11:09 of 3rd period - Shot Misses the Net.
11:11 of 3rd period - Backhand shot by Matt Moulson.
11:11 of 3rd period - Stopped by Viktor Fasth with a rebound.
11:13 of 3rd period - Slapshot by Mike Green.
11:13 of 3rd period - Shot Misses the Net.
11:33 of 3rd period - Snap shot by Maxim Afinogenov.
11:33 of 3rd period - Shot Misses the Net.
11:38 of 3rd period - Minor Penalty to Maxim Afinogenov for Hooking.
11:39 of 3rd period - Chris Drury wins face-off versus Jason Arnott in Devils zone.
12:09 of 3rd period - Snap shot by Matt Moulson.
12:09 of 3rd period - Stopped by Viktor Fasth with a rebound.
13:20 of 3rd period - Icing by Chris Drury.
13:21 of 3rd period - Ladislav Nagy wins face-off versus Chris Drury in Wild zone.
13:38 of 3rd period - Penalty to Maxim Afinogenov is over, Maxim Afinogenov is back on ice.
14:44 of 3rd period - Fredrik Modin is hit by Zach Parise and loses puck.
15:03 of 3rd period - Daniel Briere is hit by Matt Smaby.
15:07 of 3rd period - Fedor Tyutin is hit by Patrick Eaves and loses puck.
15:29 of 3rd period - Snap shot by Dustin Boyd.
15:29 of 3rd period - Stopped by Martin Brodeur without a rebound.
15:30 of 3rd period - Vaclav Prospal wins face-off versus Dustin Boyd in Wild zone.
15:55 of 3rd period - Fredrik Modin is hit by Vincent Lecavalier and loses puck.
16:23 of 3rd period - Wrist shot by Patrick Eaves.
16:23 of 3rd period - Shot Misses the Net.
16:25 of 3rd period - Wrist shot by Greg Stewart.
16:25 of 3rd period - Stopped by Martin Brodeur with a rebound.
16:27 of 3rd period - Wrist shot by Patrick Eaves.
16:27 of 3rd period - Shot Misses the Net.
16:41 of 3rd period - Slapshot by Chris Drury.
16:41 of 3rd period - Stopped by Viktor Fasth without a rebound.
16:42 of 3rd period - Chris Drury wins face-off versus Vincent Lecavalier in Devils zone.
16:43 of 3rd period - Snap shot by Daniel Briere.
16:43 of 3rd period - Stopped by Viktor Fasth with a rebound.
16:45 of 3rd period - Slapshot by Daniel Briere.
16:45 of 3rd period - Shot Misses the Net.
16:47 of 3rd period - Slapshot by Fedor Tyutin.
16:47 of 3rd period - Shot Misses the Net.
16:49 of 3rd period - Slapshot by Chris Drury.
16:49 of 3rd period - Stopped by Viktor Fasth with a rebound.
16:51 of 3rd period - Slapshot by Mike Green.
16:51 of 3rd period - Stopped by Viktor Fasth with a rebound.
16:53 of 3rd period - Snap shot by R.J. Umberger.
16:53 of 3rd period - Stopped by Viktor Fasth with a rebound.
16:55 of 3rd period - Slapshot by R.J. Umberger.
16:55 of 3rd period - Stopped by Viktor Fasth with a rebound.
17:51 of 3rd period - Wrist shot by Vincent Lecavalier.
17:51 of 3rd period - Shot Misses the Net.
18:57 of 3rd period - Snap shot by Chris Drury.
18:57 of 3rd period - Shot Misses the Net.
19:11 of 3rd period - Wrist shot by Chris Drury.
19:11 of 3rd period - Stopped by Viktor Fasth without a rebound.
19:12 of 3rd period - Vaclav Prospal wins face-off versus Stephen Weiss in Devils zone.
19:37 of 3rd period - Radim Vrbata is hit by Glen Metropolit and loses puck.
19:42 of 3rd period - Wrist shot by Glen Metropolit.
19:42 of 3rd period - Stopped by Viktor Fasth with a rebound.
Goals for this period are 1 for Devils vs 1 for Wild.
Shots for this period are 11 for Devils vs 16 for Wild.
Output by the SimonT Hockey Simulator (STHS) for François Prévost -- Original Page W3C XHTML 1.0 Valid